 Dungeon Crawl Stone Soup version 0.22-a0-252-gcace5d2 (webtiles) character file.

459 JeffiDaFish the Conjurer (level 6, -3/46 HPs)
             Began as a Draconian Conjurer on Mar 1, 2018.
             Slain by a two-headed ogre
             ... wielding a +0 giant club
              (17 damage)
             ... on level 3 of the Dungeon.
             The game lasted 00:15:03 (5070 turns).

JeffiDaFish the Conjurer (Draconian Conjurer)       Turns: 5070, Time: 00:15:03

Health: -3/46      AC:  9    Str: 10 (11) XL:     6   Next: 78%
Magic:  0/12       EV: 15    Int: 15 (17) God:
Gold:   186        SH:  0    Dex: 11      Spells: 3/13 levels left

rFire    . . .     SeeInvis .   h - +0 flail
rCold    . . .     Gourm    .   (no shield)
rNeg     . . .     Faith    .   (armour unavailable)
rPois    .         Spirit   .   c - +2 hat
rElec    .         Reflect  .   (no cloak)
rCorr    .         Harm     .   n - +0 pair of gloves
MR       .....                  (no boots)
Stlth    ++........             d - amulet of the acrobat
HPRegen  0.15/turn              e - +3 ring of evasion
MPRegen  0.13/turn              (no ring)

@: very slightly contaminated
A: unfitting armour, cold-blooded, AC +6
a: no special abilities


You were on level 3 of the Dungeon.
You were very hungry.

You visited 1 branch of the dungeon, and saw 4 of its levels.

You collected 186 gold pieces.

Inventory:

Hand Weapons
 h - a +0 flail (weapon)
 l - a +1 halberd of venom
Armour
 c - a +2 hat (worn)
 n - a +0 pair of gloves (worn)
Jewellery
 d - an amulet of the acrobat (around neck)
 e - a +3 ring of evasion (left hand)
Wands
 g - a wand of flame (31)
Scrolls
 a - a scroll of teleportation
 f - 5 scrolls of identify
 m - a scroll of remove curse
Potions
 i - 2 potions of agility
 j - 3 potions of curing
Comestibles
 b - 9 rations


   Skills:
 - Level 0.4 Fighting
 - Level 2.0 Maces & Flails
 - Level 2.4 Dodging
 - Level 2.2 Stealth
 * Level 4.3 Spellcasting
 + Level 5.9 Conjurations


You had 3 spell levels left.
You knew the following spells:

 Your Spells              Type           Power        Failure   Level  Hunger
a - Magic Dart            Conj           ###.         1%          1    None
b - Searing Ray           Conj           ###...       2%          2    ##.....
c - Dazzling Spray        Conj/Hex       ##....       16%         3    ###....
d - Iskenderun's Mystic   Conj           ###.....     14%         4    ####...


Dungeon Overview and Level Annotations

Branches:
Dungeon (4/15)
 Temple: D:4-7

Altars:
Yredelemnul

Annotations:
D:3 indyram44's ghost, amateur TrFi
D:4 Blork the orc


Innate Abilities, Weirdness & Mutations

Your plain brown scales are hard. (AC +6)
You cannot fit into any form of body armour.
You are cold-blooded and may be slowed by cold attacks.


Message History

You are feeling very hungry.
The two-headed ogre closely misses you. The two-headed ogre misses you.
Casting: Iskenderun's Mystic Blast (safe; 14% risk of failure)
Confirm with . or Enter, or press ? or * to list all spells.
Aiming: Iskenderun's Mystic Blast (safe; 14% risk of failure)
Press: ? - help, Shift-Dir - straight line, f/p - two-headed ogre
Aim: a two-headed ogre, wielding a giant club and a dire flail (lightly wounded)
You miscast Iskenderun's Mystic Blast.
You are very lightly contaminated with residual magic.
Strange energies run through your body.
Casting: Iskenderun's Mystic Blast (safe; 14% risk of failure)
Confirm with . or Enter, or press ? or * to list all spells.
Aiming: Iskenderun's Mystic Blast (safe; 14% risk of failure)
Press: ? - help, Shift-Dir - straight line, f/p - two-headed ogre
Aim: a two-headed ogre, wielding a giant club and a dire flail (lightly wounded)
The orb of energy hits the two-headed ogre.
The two-headed ogre is moderately wounded.
The orb of energy explodes!
The two-headed ogre barely misses you.
The two-headed ogre hits you with a dire flail!
You die...

#.#...####.........#
##.##.######.......##
#.........###.....##
#.###.###.# ##...##
#.# #.# #.# ##+## #.#
#.###.## #.# #.#
#......# #.#
#.#######..# ##.##
#...@O.....###...###
##########.........#
#..##...#.#
#..###.##.##
#..###......
#.......>.##
###########


You could see a two-headed ogre.

Vanquished Creatures
  An ogre (D:4)
  A scorpion (D:4)
  A hound (D:2)
  An orc wizard (D:3)
  2 worker ants (D:4)
  8 adders
  3 gnolls (D:4)
  4 oozes
  An adder skeleton (D:4)
  7 worms
  4 dart slugs
  3 orcs (D:3)
  4 bats
  2 giant cockroaches
  8 goblins
  7 hobgoblins
  8 jackals (D:2)
  2 quokkas
  2 ball pythons
  7 frilled lizards
  5 kobolds
  12 rats
93 creatures vanquished.

Notes
Turn   | Place    | Note
-------+----------+-------------------------------------------
     0 | D:1      | JeffiDaFish the Draconian Conjurer began the quest for the Orb.
     0 | D:1      | Reached XP level 1. HP: 14/14 MP: 3/3
   274 | D:1      | Reached XP level 2. HP: 20/20 MP: 1/5
   375 | D:1      | Learned a level 2 spell: Searing Ray
   992 | D:1      | Reached XP level 3. HP: 26/26 MP: 4/6
   997 | D:1      | Learned a level 3 spell: Dazzling Spray
  1206 | D:2      | Reached skill level 1 in Maces & Flails
  1371 | D:2      | Reached XP level 4. HP: 33/33 MP: 2/7
  2663 | D:2      | Reached XP level 5. HP: 28/39 MP: 8/8
  2827 | D:3      | Reached skill level 5 in Conjurations
  3225 | D:3      | Noticed indyram44's ghost (amateur TrFi)
  3375 | D:3      | Found a basalt altar of Yredelemnul.
  3664 | D:3      | Found a faded altar of an unknown god.
  4434 | D:4      | Learned a level 4 spell: Iskenderun's Mystic Blast
  4438 | D:4      | Reached XP level 6. HP: 46/46 MP: 5/11
  4947 | D:4      | Noticed Blork the orc
  4953 | D:4      | Noticed a two-headed ogre
  5070 | D:3      | Slain by a two-headed ogre

Vault maps used:
D:1:      dpeg_arrival_pond
D:2:      serial_co_window_serial, co_window_paths_a, co_window_corner_a,
          co_window_of_opportunity_a, co_window_of_opportunity_a,
          co_window_corner_a, co_window_paths_b, co_window_of_opportunity_a,
          co_window_paths_a, co_window_paths_a, co_window_broadway_a,
          co_window_unsneaky_path_a, co_window_2corner, co_window_paths_e,
          glass_columns_a, glass_columns_c, glass_columns_c, glass_columns_a,
          hangedman_decor_opposing
D:3:      marbit_many_paths, chequers_ecumenical_altar_island,
          hangedman_decor_slide_cut
D:4:      lemuel_coloured_pillars_altar, first_ration, uniq_blork_the_orc

Skill      XL: |  1  2  3  4  5  6 |
---------------+-------------------+-----
Dodging        | 2 |  2.4
Maces & Flails | 1 2 |  2.0
Stealth        | 2 |  2.2
Conjurations   | 5 |  5.9
Spellcasting   | 3 4 |  4.3
Fighting       | |  0.4

Action                   |  1- 3 |  4- 6 || total
-------------------------+-------+-------++-------
Melee: Whip              |    58 |    60 ||   118
       Tailslap          |     6 |    15 ||    21
       Flail             |       |    97 ||    97
 Cast: Magic Dart        |    21 |    50 ||    71
       Searing Ray       |     1 |    19 ||    20
       Iskenderun's Myst |       |     2 ||     2
  Use: Potion            |     4 |     4 ||     8
       Scroll            |     3 |     5 ||     8
 Stab: Sleeping          |     1 |     2 ||     3
  Eat: Chunk             |     2 |    12 ||    14
Armor: Skin              |    19 |    38 ||    57
Dodge: Dodged            |    46 |   198 ||   244

Table legend:
 A = Spawn XP
 B = Non-spawn XP
 C = Spawn XP percentage of total XP
 D = Spawn monster count
 E = Non-spawn monster count
 F = Spawn count percentage of total count
 G = Total turns spent on level
                    A         B        C        D         E        F      G
               +---------+---------+-------+---------+---------+-------+---------
         Total |       0 |     656 |   0.0 |       0 |      93 |   0.0 |  5070
               +---------+---------+-------+---------+---------+-------+---------
           D:1 |       0 |      44 |   0.0 |       0 |      21 |   0.0 |  1183
           D:2 |       0 |     155 |   0.0 |       0 |      36 |   0.0 |  1627
           D:3 |       0 |     155 |   0.0 |       0 |      27 |   0.0 |  1605
           D:4 |       0 |     302 |   0.0 |       0 |       9 |   0.0 |   655
               +---------+---------+-------+---------+---------+-------+---------
